 Dungeon Crawl Stone Soup version 0.23-a0-395-gcf17ac6 (webtiles) character file.

32 sleepydude the Shield-Bearer (level 3, -2/24 HPs)
             Began as a Gargoyle Fighter on Nov 1, 2018.
             Slain by a goblin (3 damage)
             ... led by Robin
             ... on level 2 of the Dungeon.
             The game lasted 00:01:55 (908 turns).

sleepydude the Shield-Bearer (Gargoyle Fighter)      Turns: 908, Time: 00:01:56

Health: -2/24      AC: 10    Str: 25    XL:     3   Next: 27%
Magic:  3/3        EV:  7    Int:  8    God:
Gold:   99         SH:  9    Dex:  9    Spells: 2/2 levels left

rFire    . . .     SeeInvis .   a - +0 flail
rCold    . . .     Gourm    .   c - +0 shield
rNeg     + . .     Faith    .   b - +0 scale mail
rPois    ∞         Spirit   .   (no helmet)
rElec    +         Reflect  .   (no cloak)
rCorr    .         Harm     .   (no gloves)
MR       .....                  (no boots)
Stlth    ..........             (no amulet)
HPRegen  0.08/turn              (no ring)
MPRegen  0.08/turn              (no ring)

@: mighty
A: negative energy resistance 1, electricity resistance, unbreathing,
petrification resistance, rot immunity, AC +3
a: no special abilities


You were on level 2 of the Dungeon.
You were not hungry.

You visited 1 branch of the dungeon, and saw 2 of its levels.

You collected 99 gold pieces.

Inventory:

Hand Weapons
 a - a +0 flail (weapon)
Armour
 b - a +0 scale mail (worn)
 c - a +0 shield (worn)
Jewellery
 j - an uncursed ring of protection from fire {unknown}
Scrolls
 e - 2 scrolls of identify {unknown}
 i - a scroll of remove curse {unknown}
 l - a scroll of fog {unknown}
Potions
 h - a potion of magic {unknown}
 k - a potion of flight {unknown}
 m - a potion of heal wounds {unknown}
Comestibles
 f - 5 rations
 g - a chunk of flesh


   Skills:
 + Level 3.7 Fighting
 + Level 2.4 Maces & Flails
 + Level 3.7 Armour
 + Level 3.7 Shields


You had 2 spell levels left.
You didn't know any spells.
Your spell library was empty.

Dungeon Overview and Level Annotations

Branches:
Dungeon (2/15)

Altars:
Elyvilon

Annotations:
D:2 Robin


Innate Abilities, Weirdness & Mutations

You are resistant to torment.
Your stone body is resilient. (AC +3)
You are immune to poison.
You resist negative energy. (rN+)
You are resistant to electric shocks. (rElec)
You can survive without breathing.
You are immune to petrification.
You are immune to rotting.


Message History

The goblin no longer looks unusually strong.
The goblin hits you but does no damage. x2
You barely miss the goblin.
The goblin is moderately wounded.
The goblin hits you but does no damage. You block the goblin's attack.
Robin roars a battlecry!
The goblins go into a battle-frenzy!
The goblin hits you.
* * * LOW HITPOINT WARNING * * *
You bludgeon the goblin!!
You kill the goblin!
You block the goblin's attack.
Robin says, "Feeling lonely?"
The goblin hits you.
* * * LOW HITPOINT WARNING * * *
Robin throws the goblin at you!
You hit the goblin.
You kill the goblin!
The goblin hits you.
You die... ### #.# ... #.# ##### . ##### #.# ...... #...# #.# #...#. #.#.# #.# #.g.g #.#.# #.# #ggg# #.#.# #.# ggg

#.#.# #.# #g#
#.#.# #.# #@#
..#.# #.# #)#
###.# #.# #.#
#.#.# #.########.#
#.#.#
#.....<.##.#######
#.#.#
#######.##.#.....#
#.#.#
###.##.......#
#)#.#
#...####.....#
#>#.#
#####.#.####.....#


You could see Robin, 2 hobgoblins and 6 goblins.

Vanquished Creatures
  A dart slug (D:1)
  A leopard gecko (D:1)
  A ball python (D:2)
  3 bats
  9 goblins
  2 hobgoblins
  3 kobolds
  A quokka (D:2)
  3 frilled lizards
  4 rats (D:1)
28 creatures vanquished.

Notes
Turn   | Place    | Note
-------+----------+-------------------------------------------
     0 | D:1      | sleepydude the Gargoyle Fighter began the quest for the
                  | Orb.
     0 | D:1      | Reached XP level 1. HP: 14/14 MP: 1/1
   121 | D:1      | Reached XP level 2. HP: 18/19 MP: 2/2
   633 | D:2      | Reached XP level 3. HP: 23/23 MP: 3/3
   873 | D:2      | Found a white marble altar of Elyvilon.
   890 | D:2      | Noticed Robin
   907 | D:2      | HP: 1/24 [goblin[Robin] (2)]
   908 | D:2      | Slain by a goblin

Vault maps used:
D:1:      zaba_arrival_water, minivault_14
D:2:      lemuel_crystal_altar, minmay_misc_feat_roman, uniq_robin

Action                   || total
-------------------------++-------
Melee: Flail             ||   101
  Use: Potion            ||     1
Armor: Scale mail        ||    57
Dodge: Dodged            ||    34
Block: Shield            ||    53

Table legend:
 A = Non-vault XP
 B = Vault XP
 C = Vault XP percentage of total XP
 D = Non-vault monster count
 E = Vault monster count
 F = Vault count percentage of total count
                 A         B        C        D         E       F
            +---------+---------+-------+---------+---------+-------
      Total |      40 |       7 |  14.9 |      24 |       4 |  14.3
            +---------+---------+-------+---------+---------+-------
        D:1 |      25 |       0 |   0.0 |      15 |       0 |   0.0
        D:2 |      15 |       7 |  31.8 |       9 |       4 |  30.8
            +---------+---------+-------+---------+---------+-------
